 Dungeon Crawl Stone Soup version 0.30-a0-603-g51a0fb1b98 (webtiles) character file.

Game seed: 10389191549271629722

4108 Armakuni the Fighter (level 10, 0/93 HPs)
             Began as a White Draconian Monk on Jan 7, 2023.
             Was an Initiate of Gozag.
             Slain by a two-headed ogre
             ... wielding a +0 halberd
              (16 damage)
             ... in a bailey.
             The game lasted 00:17:46 (7988 turns).

Armakuni the Fighter (White Draconian Monk)         Turns: 7988, Time: 00:17:46

Health: 0/93       AC: 10    Str: 13    XL:     10   Next: 6%
Magic:  10/10      EV: 14    Int: 15    God:    Gozag
Gold:   242        SH:  0    Dex: 14    Spells: 9/9 levels left

rFire   . . .      SeeInvis .    b - +12 broad axe "Butuan" {flame, rPois}
rCold   + . .      Faith    .    (no shield)
rNeg    . . .      Spirit   .    (body armour unavailable)
rPois   +          Reflect  .    (helmet restricted)
rElec   .          Harm     .    (no cloak)
rCorr   .          Rampage  .    e - +2 pair of gloves
Will    .....                    (no boots)
Stlth   ++                       A - amulet of the acrobat
HPRegen 0.35/turn                (no ring)
MPRegen 0.12/turn                (no ring)

@: no status effects
A: breathe frost, AC +7, unfitting armour, cold resistance 1, cold-blooded
a: Breathe Frost, Renounce Religion, Potion Petition, Call Merchant, Bribe
Branch


You were in a bailey.
You worshipped Gozag.
Gozag was aware of your devotion.
You visited 2 branches of the dungeon, and saw 9 of its levels.
You also visited: Bailey.

You collected 1204 gold pieces.
You spent 405 gold pieces at shops.
You paid 557 gold pieces to Gozag.

Inventory:

Hand Weapons
 b - the +12 broad axe "Butuan" (weapon) {flame, rPois}
   (You bought it in a shop on level 7 of the Dungeon)

   rPois:     It protects you from poison.
Missiles
 s - 5 throwing nets
Armour
 e - a +2 pair of gloves (worn)
 z - the +0 kite shield "Jogafaph" {Dex+8 Slay+2}
   (You acquired it on level 7 of the Dungeon)

   Dex:       It affects your dexterity (+8).
   Slay:      It affects your accuracy & damage with ranged weapons and melee
   (+2).
Jewellery
 d - a +4 ring of slaying
 r - a +6 ring of intelligence
 t - a ring of ice
 y - a ring of protection from fire
 A - an amulet of the acrobat (around neck)
 H - a +6 ring of dexterity
Wands
 c - a wand of charming (11)
 m - a wand of mindburst (1)
 p - a wand of digging (8)
 v - a wand of flame (2)
 G - a wand of quicksilver (15)
Scrolls
 g - a scroll of blinking
 j - 2 scrolls of vulnerability
 l - 2 scrolls of poison
 o - 8 scrolls of teleportation
 u - 3 scrolls of magic mapping
 x - a scroll of immolation
 B - a scroll of enchant weapon {unknown}
 C - 3 scrolls of amnesia
 F - a scroll of fog
 S - a scroll of silence
 X - a scroll of brand weapon
Potions
 a - a potion of ambrosia
 f - a potion of berserk rage {unknown}
 h - a potion of resistance
 i - 3 potions of curing
 k - 2 potions of heal wounds {unknown}
 n - 2 potions of mutation {unknown}
 w - a potion of might {unknown}
 D - a potion of degeneration {unknown}
 E - 2 potions of flight {unknown}


   Skills:
 - Level 10.0 Fighting
 + Level 5.2 Dodging
 - Level 1.7 Stealth
 - Level 10.0 Unarmed Combat
 - Level 5.0 Evocations


You had 9 spell levels left.
You didn't know any spells.
Your spell library contained the following spells:

 Spells                   Type           Power      Damage    Failure   Level
 Sandblast                Erth           0%         2d4       26%         1
 Passwall                 Tmut/Erth      0%         N/A       38%         2
 Stone Arrow              Conj/Erth      0%         3d7       63%         3
 Airstrike                Air            0%         2d(0-16)  95%         4
 Leda's Liquefaction      Hex/Erth       0%         N/A       95%         4
 Summon Lightning Spire   Summ/Air       0%         N/A       95%         4
 Lee's Rapid Deconstruct  Erth           0%         3d4*      100%        5
 Lightning Bolt           Conj/Air       0%         1d11      100%        5
 Statue Form              Tmut/Erth      0%         N/A       100%        6


Dungeon Overview and Level Annotations

Branches:
Dungeon (8/15)             Temple (1/1) D:4          Bailey (1/1)
   Lair: D:8-11

Altars:
Ashenzari
Cheibriados
Dithmenos
Elyvilon
Fedhas
Gozag
Hepliaklqana
Kikubaaqudgha
Makhleb
Nemelex Xobeh
Okawaru
Ru
Sif Muna
Trog
Uskayaw
Vehumet
Wu Jian
Xom
The Shining One

Shops:
D:3 *   D:7 *

Annotations:
D:1 2 runed translucent doors


Innate Abilities, Weirdness & Mutations

You can breathe waves of freezing cold which knock back foes.
Your icy white scales are hard. (AC +7)
You cannot fit into any form of body armour.
Your flesh is cold resistant. (rC+)
You are cold-blooded and may be slowed by cold attacks.


Message History

The spriggan closely misses you.
You have got your breath back.
The spriggan barely misses you.
You closely miss the spriggan.
The spriggan is moderately wounded.
The spriggan misses you.
You closely miss the spriggan.
The spriggan is moderately wounded.
The spriggan hits you but does no damage.
The spriggan hits you with a +0 trident!
* * * LOW HITPOINT WARNING * * *
You closely miss the spriggan. You tail-slap the spriggan.
The spriggan is heavily wounded.
The spriggan barely misses you.
The spriggan hits you with a +0 trident.
* * * LOW HITPOINT WARNING * * *
You slash the spriggan! You burn the spriggan.
You kill the spriggan!
Your Dodging skill increases to level 5!
Cleave: b) +12 broad axe "Butuan" {flame, rPois}
Press: ? - help, Dir - move target, f - you
Okay, then.
The two-headed ogre shouts in stereo!
You hear a shout! x2
You hear an angry hiss.
You enter the shallow water.
Moving in this stuff is going to be slow.
The two-headed ogre is distracted by your dazzling golden aura.
A spriggan comes into view. It is wielding a +4 spear.
The two-headed ogre is no longer distracted by gold.
Okay, then.
Unknown command.
Aiming: Breathe Frost (3% risk of failure)
Press: ? - help, Q - select action, (/) - cycle Shift-Dir - straight line, f - two-headed ogre
Aim: a two-headed ogre, wielding two +0 halberds (severely wounded, 85% to hit)
You fail to use your ability.
The spriggan completely misses you.
The two-headed ogre completely misses you.
The two-headed ogre hits you from afar with a +0 halberd!
You die...
Your body crumbles into a pile of gold.

..# ##..## #..#
##..##
#..####♣##..##
#.........##
#.......##
##~~~~~##
#~iO~~#
###~~~~~###
##...@.)...##
##.......)...##
#....∩...)....#
##...........##
##.........##
###.....###
#######


You could see a two-headed ogre and a spriggan.

Vanquished Creatures
  A two-headed ogre (D:7)
  The ghost of Leeroy the Thaumaturge, a novice MfTm of Wu Jian (D:7)
  Grinder (D:6)
  A spriggan (Bailey)
  A wyvern (D:8)
  2 orc warriors
  An ice beast (D:6)
  9 ogres
  3 bullfrogs
  2 necrophages
  A gnoll sergeant (D:5)
  3 scorpions
  A howler monkey (D:7)
  3 quasits (D:7)
  2 hounds
  3 jellies
  2 orc priests
  3 iguanas
  8 orc wizards
  10 gnolls
  4 adders
  A shadow imp (D:5)
  An ufetubus (D:6)
  A worm (D:2)
  A dart slug (D:2)
  20 orcs
  7 endoplasms
  3 giant cockroaches (D:1)
  13 goblins
  9 hobgoblins
  3 jackals (D:5)
  5 quokkas
  9 ball pythons
  3 bats
  3 frilled lizards
  10 kobolds
  10 rats
161 creatures vanquished.

Notes
Turn   | Place    | Note
-------+----------+-------------------------------------------
     0 | D:1      | Armakuni the Draconian Monk began the quest for the Orb.
     0 | D:1      | Reached XP level 1. HP: 19/19 MP: 1/1
    57 | D:1      | Found a large runed translucent door.
    57 | D:1      | Found a large runed translucent door.
   160 | D:1      | Reached XP level 2. HP: 26/26 MP: 2/2
   339 | D:1      | Found a faded altar of an unknown god.
   726 | D:1      | Reached XP level 3. HP: 33/33 MP: 3/3
  1413 | D:2      | You fall into a shaft and drop 1 floor!
  1413 | D:3      | Found Omoiluoc's Assorted Antiques.
  1418 | D:3      | Bought a scroll labelled LIARHIYMMA for 24 gold pieces
  1418 | D:3      | Bought a scroll labelled EPUKOX HYIR for 24 gold pieces
  1418 | D:3      | Bought a scroll labelled EBRIEJOAGI for 24 gold pieces
  1418 | D:3      | Bought a scroll labelled TUMMUOC OKKU for 24 gold pieces
  1418 | D:3      | Bought a scroll labelled TUMMUOC OKKU for 24 gold pieces
  1418 | D:3      | Bought a scroll labelled TUMMUOC OKKU for 24 gold pieces
  1610 | D:2      | Reached XP level 4. HP: 35/41 MP: 4/4
  2414 | D:3      | Reached skill level 5 in Fighting
  2430 | D:3      | Reached XP level 5. HP: 42/48 MP: 5/5
  2730 | D:4      | Noticed an ogre
  2735 | D:4      | Killed an ogre
  2736 | D:4      | Reached XP level 6. HP: 56/56 MP: 6/6
  2948 | D:4      | Found a snail-covered altar of Cheibriados.
  3113 | D:4      | Found a staircase to the Ecumenical Temple.
  3119 | Temple   | Entered the Ecumenical Temple
  3217 | Temple   | Became a worshipper of Gozag Ym Sagoz the Greedy
  3298 | D:4      | Found a white marble altar of Elyvilon.
  3688 | D:5      | Entered Level 5 of the Dungeon
  3903 | D:5      | Reached skill level 5 in Evocations
  3903 | D:5      | Your scales start taking on an icy white colour.
  3903 | D:5      | Reached XP level 7. HP: 53/61 MP: 7/7
  3903 | D:5      | Gained mutation: Your flesh is cold resistant. (rC+) [White
                  | Draconian growth]
  3965 | D:5      | Reached skill level 5 in Unarmed Combat
  5136 | D:6      | Reached XP level 8. HP: 68/71 MP: 8/8
  5342 | D:6      | Noticed Grinder
  5374 | D:6      | Killed Grinder
  6618 | D:7      | Found a transporter.
  6643 | D:7      | Noticed Leeroy's ghost (novice MfTm)
  6815 | D:7      | Reached XP level 9. HP: 44/82 MP: 9/9
  6955 | D:7      | Bought a steaming broad axe for 261 gold pieces
  6955 | D:7      | Identified the +12 broad axe "Butuan" {flame, rPois} (You
                  | bought it in a shop on level 7 of the Dungeon)
  7217 | D:7      | Noticed a two-headed ogre
  7220 | D:7      | Killed a two-headed ogre
  7401 | D:7      | Found a transporter.
  7541 | D:7      | Killed Leeroy's ghost
  7542 | D:7      | Reached skill level 10 in Fighting
  7542 | D:7      | Reached skill level 10 in Unarmed Combat
  7559 | D:7      | Identified a scroll of acquirement
  7559 | D:7      | Acquired the +0 kite shield "Jogafaph" {Dex+8 Slay+2}
  7703 | D:8      | Found a flagged portal.
  7730 | Bailey   | Entered a bailey
  7950 | Bailey   | Noticed a two-headed ogre
  7954 | Bailey   | Reached XP level 10. HP: 63/93 MP: 10/10
  7976 | Bailey   | Reached skill level 5 in Dodging
  7988 | Bailey   | Slain by a two-headed ogre

Illustrated notes

Levels and vault maps discovered:
D:1:      erik_arrival_cave_to_civilisation [erik_arrival_cave_to_temple],
          layout_basic, dilly_ecumenical_altar_fadedgnrine
D:2:      layout_loops_ring
D:3:      layout_basic, serial_shops, nicolae_shop_stone,
          kennysheep_generic_room_14
D:4:      layout_basic, mainiacjoe_overflow_24_doors,
          mainiacjoe_overflow_chevrons, minmay_temple_entry_hall
D:5:      layout_basic
D:6:      layout_basic, uniq_grinder
D:7:      layout_loops_corners, gammafunk_ghost_stat_death,
          nicolae_elevator_lobby_plus
D:8:      layout_loops_ring, overflow_temple_1_default, serial_shops, shop,
          enter_bailey_1
Temple:   nicolae_temple_bog_church
Bailey:   bailey_polearm_enchanted_keep_hellmonk, bailey

Skill      XL: |  1  2  3  4  5  6  7  8  9 10 |
---------------+-------------------------------+-----
Fighting       | 4 5 6 8 10 | 10.0
Unarmed Combat | 4 6 8 10 | 10.0
Evocations     | 2 5 |  5.0
Dodging        | 4 5 |  5.2
Stealth        | |  1.7

Action                   |  1- 3 |  4- 6 |  7- 9 | 10-12 || total
-------------------------+-------+-------+-------+-------++-------
Melee: Unarmed           |   149 |   156 |   199 |       ||   504
       Tailslap          |    18 |    18 |    33 |     1 ||    70
       Punch             |     6 |     5 |     5 |       ||    16
       Dagger            |       |    36 |    12 |       ||    48
       Broad axe         |       |       |    33 |     5 ||    38
Invok: Call Merchant     |       |       |     1 |       ||     1
 Abil: Breathe Frost     |       |       |    15 |     1 ||    16
Evoke: Wand              |       |     7 |    11 |     1 ||    19
  Use: Scroll            |       |    16 |     1 |     1 ||    18
       Potion            |       |       |       |     1 ||     1
 Stab: Sleeping          |     6 |     2 |     1 |       ||     9
       Distracted        |       |       |     2 |       ||     2
Armor: Skin              |    28 |    51 |    86 |     2 ||   167
Dodge: Dodged            |    87 |   102 |   162 |    13 ||   364

Table legend: (Time is in decaauts)
 A = Elapsed time spent in this place.
 B = Non-inter-level travel time spent in this place.
 C = Inter-level travel time spent in this place.
 D = Time resting spent in this place.
 E = Time spent auto-exploring this place.
 F = Levels seen in this place.
 G = Mean time per level.
                   A        B        C        D        E       F      G
               +--------+--------+--------+--------+--------+-----+--------+
         Total |   7967 |   7657 |    310 |    817 |   5149 |  10 |  796.7 |
       Dungeon |   7579 |   7278 |    301 |    652 |   5052 |   8 |  947.4 |
        Temple |    115 |    106 |      9 |      0 |     74 |   1 |  115.0 |
        Bailey |    272 |    272 |      0 |    165 |     22 |   1 |  272.0 |
               +--------+--------+--------+--------+--------+-----+--------+

Top non-repeatable levels by time:
     D:6: 1616 daAuts
     D:5: 1189 daAuts
     D:7: 1081 daAuts
     D:1: 1039 daAuts
     D:2: 927 daAuts
     D:4: 892 daAuts
     D:3: 700 daAuts
  Bailey: 272 daAuts
     D:8: 134 daAuts
  Temple: 115 daAuts
